 Dungeon Crawl Stone Soup version 0.18.1-50-g88ac8fd (webtiles) character file.

91 magog001 the Skirmisher (level 4, -5/40 HPs)
             Began as a Hill Orc Fighter on Aug 22, 2018.
             Slain by an orc priest
             ... wielding a +0 flail
              (6 damage)
             ... on level 3 of the Dungeon.
             The game lasted 00:08:26 (1688 turns).

magog001 the Skirmisher (Hill Orc Fighter)          Turns: 1688, Time: 00:08:27

Health: -5/40      AC:  7    Str: 24    XL:     4   Next: 59%
Magic:  4/4        EV:  9    Int:  8    God:
Gold:   138        SH: 10    Dex: 10    Spells: 0 memorised, 3 levels left

rFire  x . .     SeeInvis .     a - +0 war axe
rCold  + . .     Gourm    .     b - +0 scale mail
rNeg   . . .     Faith    .     c - +0 shield
rPois  .         Spirit   .     (no helmet)
rElec  .         Dismiss  .     (no cloak)
rCorr  .         Reflect  .     (no gloves)
SustAt .         Harm     .     (no boots)
MR     .....                    (no amulet)
Stlth  ..........               u - +2 ring of evasion
                                o - ring of ice

@: mighty, flying, not resistant to hostile enchantments, extremely unstealthy
A: no striking features
a: Convert to Beogh


You were on level 3 of the Dungeon.
You were hungry.

You visited 1 branch of the dungeon, and saw 3 of its levels.

You collected 138 gold pieces.

Inventory:

Hand Weapons
 a - a +0 war axe (weapon)
 g - a +0 hunting sling
Missiles
 e - 17 sling bullets
 j - 16 bolts
 q - 13 poisoned needles
Armour
 b - a +0 scale mail (worn)
 c - a +0 shield (worn)
Jewellery
 o - a ring of ice (left hand)
 u - a +2 ring of evasion (right hand)
Scrolls
 h - 4 scrolls of magic mapping {unknown}
 i - 2 scrolls of blinking {unknown}
 k - a scroll of remove curse {unknown}
 m - 3 scrolls of identify {unknown}
Potions
 n - a potion of flight
 p - a potion of resistance {unknown}
Comestibles
 f - a bread ration
 l - a slice of pizza
 t - a chunk of flesh


   Skills:
 + Level 4.2 Fighting
 + Level 3.6 Axes
 + Level 4.1 Armour
 - Level 0.4 Dodging
 + Level 4.1 Shields


You had 3 spell levels left.
You didn't know any spells.

Dungeon Overview and Level Annotations

Branches:
Dungeon (3/15)

Altars:
Ashenzari


Message History

Your shield prevents you from hitting the orc priest.
You closely miss the orc.
The orc is severely wounded.
The orc hits you but does no damage. The orc priest hits you with a flail!
* * * LOW HITPOINT WARNING * * *
Drink which item? (? for menu, Esc to quit)
It was a potion of flight.
You feel very buoyant.
You fly up into the air.
You block the orc's attack. The orc priest hits you with a flail.
* * * LOW HITPOINT WARNING * * *
Drink which item? (? for menu, Esc to quit)
You feel very mighty all of a sudden. You block the orc's attack.
You slash the orc priest!
The orc priest is heavily wounded.
You slash the orc!
You kill the orc!
The orc priest hits you with a flail.
You die...

........### #
#.#....#...# ..
#.<......#
....#.#....###
....#......#
......##.### .[..#.##.#
... #..##....#.#
.)#............#@# ...
...........o)###### o.#
#.?............(..# ..#
#........#......... ..
#........#..###....
o#####..####...(.......
.##.##.>o..............
..#..)..o........#.....
......................


You could see an orc priest.

Vanquished Creatures
  2 adders
  2 worms (D:2)
  4 dart slugs
  3 giant geckos
  3 orcs (D:3)
  A ball python (D:1)
  5 goblins
  5 hobgoblins
  9 jackals (D:1)
  7 kobolds
  6 bats
  3 giant newts
  3 rats
53 creatures vanquished.

Notes
Turn   | Place    | Note
--------------------------------------------------------------
     0 | D:1      | magog001 the Hill Orc Fighter began the quest for the Orb.
     0 | D:1      | Reached XP level 1. HP: 19/19 MP: 1/1
    44 | D:1      | Found a shattered altar of Ashenzari.
    86 | D:1      | Reached XP level 2. HP: 17/27 MP: 2/2
   491 | D:1      | Reached XP level 3. HP: 24/33 MP: 3/3
  1105 | D:2      | Reached XP level 4. HP: 35/40 MP: 4/4
  1685 | D:3      | HP: 2/40 [orc priest/flail (8)]
  1688 | D:3      | Slain by an orc priest

Skill      XL: |  1  2  3  4 |
---------------+-------------+-----
Fighting       | 4 |  4.2
Axes           | 3 |  3.6
Armour         | 4 |  4.1
Shields        | 4 |  4.1
Dodging        | |  0.4

Action                   |  1- 3 |  4- 6 || total
-------------------------+-------+-------++-------
Melee: War axe           |   126 |    47 ||   173
  Use: Scroll            |       |     3 ||     3
       Potion            |       |     2 ||     2
  Eat: Chunk             |       |     2 ||     2
Armor: Scale mail        |    68 |    29 ||    97
Dodge: Dodged            |    44 |    16 ||    60
Block: Shield            |    69 |    37 ||   106
